 Dungeon Crawl Stone Soup version 0.29.0-4-gdea44cf6ec (webtiles) character file.

Game seed: 1493740528877450258

24 qw the Chopper (level 3, -7/29 HPs)
             Began as a Barachi Chaos Knight on Sept 5, 2022.
             Mangled by an iron imp (8 damage)
             ... summoned by Xom
             ... on level 1 of the Dungeon.
             The game lasted 00:00:27 (988 turns).

qw the Chopper (Barachi Chaos Knight)                Turns: 988, Time: 00:00:28

Health: -7/29      AC: -2    Str: 15    XL:     3   Next: 2%
Magic:  3/3        EV: 11    Int: 10    God:
Gold:   87         SH:  0    Dex: 11    Spells: 2/2 levels left

rFire   . . .      SeeInvis .   a - +0 hand axe (chaos)
rCold   . . .      Faith    .   (no shield)
rNeg    . . .      Spirit   .   b - +2 leather armour
rPois   .          Reflect  .   (no helmet)
rElec   .          Harm     .   (no cloak)
rCorr   .          Rampage  .   (no gloves)
Will    .....                   (no boots)
Stlth   +.........              (no amulet)
HPRegen 0.09/turn               (no ring)
MPRegen 0.08/turn               (no ring)

@: corroded, slow
A: amphibious, slowness 1, strong legs 1, +LOS, deterioration 1, dopey 1
a: Hop


You were on level 1 of the Dungeon.
You visited 1 branch of the dungeon, and saw 1 of its levels.

You collected 87 gold pieces.


Innate Abilities, Weirdness & Mutations

You are amphibious.
You cover ground slowly.
You can hop short distances.
You have an extended range of vision and can be seen from far away.
Your body sometimes deteriorates upon taking damage.
You are dopey. (Int -2)


   Skills:
 - Level 3.6 Fighting
 + Level 4.5 Axes
 - Level 2.4 Armour
 - Level 1.1 Dodging


You had 2 spell levels left.
You didn't know any spells.
Your spell library was empty.

Inventory:

Hand Weapons
 a - a +0 hand axe of chaos (weapon)
 f - a +0 club
Armour
 b - a +2 leather armour (worn)
 g - a +0 ring mail
Jewellery
 e - a +4 ring of protection
Potions
 d - a potion of magic {unknown}
Miscellaneous
 c - a piece from Xom's chessboard (15/15)

Dungeon Overview and Level Annotations

Branches:
Dungeon (1/15)

Altars:


Message History

Your base attributes are Str 13, Int 12, Dex 11.
Increase (S)trength, (I)ntelligence, or (D)exterity?
You feel stronger. x2
Things that are here:
a +0 dagger; 4 stones
g - a +0 ring mail A rat is nearby!
969 ||| Stepping ~*~*~tactically~*~*~ (stealth).
970 ||| Stepping ~*~*~tactically~*~*~ (stealth).
You now have 87 gold pieces (gained 11).
Found 5 stones.
980 ||| Stepping ~*~*~tactically~*~*~ (stealth). "Fight to survive, mortal."
You closely miss the crimson imp. You hit the iron imp but do no damage.
The rat twitches its whiskers.
You closely miss the crimson imp. You hit the iron imp.
The crimson imp hits you.
The shadow imp shouts, "Escape, thou pecksniffian sow-suckled swadder!"
You hit the iron imp but do no damage.
The iron imp is lightly wounded.
You hit the ice devil. You barely miss the shadow imp.
You closely miss the rust devil. You hit the crimson imp.
The iron imp closely misses you.
The rat twitches its whiskers.
The crimson imp blinks!
The shadow imp closely misses you. The rust devil hits you!
The rust devil corrodes you! The ice devil barely misses you.
You barely miss the ice devil.
The ice devil is lightly wounded.
You closely miss the shadow imp. You hit the iron imp but do no damage.
The iron imp suddenly seems more agile.
You barely miss the rust devil. The iron imp hits you!
The ice devil completely misses you. The shadow imp misses you.
The rust devil hits you! The rust devil corrodes you!
You closely miss the ice devil.
The ice devil is lightly wounded.
You hit the shadow imp but do no damage.
You closely miss the iron imp.
You hit the rust devil but do no damage.
The iron imp hits you!
You die...

#.# .####.......... #.#
............### #.#
....... .... #.# .....#
###
#.###########+###.....#
#........)............#
############..........#
#.5..4r### #..4@5.#
#..ยค.5.# #......#
#......# #......#
########


You could see an ice devil (summoned), a rust devil (summoned), an iron imp
(summoned, agile), a crimson imp (summoned), a shadow imp (summoned) and a rat.

Vanquished Creatures
  A dart slug (D:1)
  2 ball pythons (D:1)
  A bat (D:1)
  An endoplasm (D:1)
  2 giant cockroaches (D:1)
  2 goblins (D:1)
  2 hobgoblins (D:1)
  4 frilled lizards (D:1)
  4 kobolds (D:1)
  2 rats (D:1)
21 creatures vanquished.

Notes
Turn   | Place    | Note
-------+----------+-------------------------------------------
     0 | D:1      | qw the Barachi Chaos Knight began the quest for the Orb.
     0 | D:1      | Reached XP level 1. HP: 18/18 MP: 1/1
     0 | D:1      | 0 ||| qw: Version: 0.1-a-104-g96f76f8
     0 | D:1      | 0 ||| qw: Game counter: 5812
     0 | D:1      | 0 ||| qw: Always use a shield: true
     0 | D:1      | 0 ||| qw: God list: Okawaru
     0 | D:1      | 0 ||| qw: Allow faded altars: false
     0 | D:1      | 0 ||| qw: Do Orc after D:15 true
     0 | D:1      | 0 ||| qw: Do second Lair branch before Depths: true
     0 | D:1      | 0 ||| qw: Lair rune preference: random
     0 | D:1      | 0 ||| qw: Plans: Normal
     0 | D:1      | 0 ||| PLANNING D:1-11
     0 | D:1      | Fell from the grace of Xom
   114 | D:1      | 114 ||| Stepping ~*~*~tactically~*~*~ (stealth).
   211 | D:1      | Reached XP level 2. HP: 24/24 MP: 2/2
   354 | D:1      | Reached skill level 4 in Axes
   413 | D:1      | 413 ||| Stepping ~*~*~tactically~*~*~ (stealth).
   414 | D:1      | 414 ||| Stepping ~*~*~tactically~*~*~ (stealth).
   415 | D:1      | 415 ||| Stepping ~*~*~tactically~*~*~ (stealth).
   416 | D:1      | 416 ||| Stepping ~*~*~tactically~*~*~ (stealth).
   418 | D:1      | 418 ||| Stepping ~*~*~tactically~*~*~ (stealth).
   419 | D:1      | 419 ||| Stepping ~*~*~tactically~*~*~ (stealth).
   421 | D:1      | 421 ||| Stepping ~*~*~tactically~*~*~ (stealth).
   424 | D:1      | 424 ||| Stepping ~*~*~tactically~*~*~ (stealth).
   607 | D:1      | XOM: give mutations
   607 | D:1      | Gained mutation: Your body sometimes deteriorates upon
                  | taking damage. [Xom's mischief]
   607 | D:1      | Gained mutation: You are dopey. (Int -2) [Xom's mischief]
   754 | D:1      | Found a faded altar of an unknown god.
   955 | D:1      | 955 ||| Stepping ~*~*~tactically~*~*~ (stealth).
   960 | D:1      | Reached XP level 3. HP: 29/29 MP: 3/3
   969 | D:1      | 969 ||| Stepping ~*~*~tactically~*~*~ (stealth).
   970 | D:1      | 970 ||| Stepping ~*~*~tactically~*~*~ (stealth).
   980 | D:1      | 980 ||| Stepping ~*~*~tactically~*~*~ (stealth).
   983 | D:1      | XOM: summons 5 hostile demons
   984 | D:1      | Noticed an ice devil
   984 | D:1      | Noticed a rust devil
   987 | D:1      | HP: 1/29 [rust devil[Xom] (10)]
   988 | D:1      | Mangled by an iron imp

Levels and vault maps discovered:
D:1:      beargit_arrival_diablo_church, layout_basic,
          ebering_ecumenical_altar_webs

Skill      XL: |  1  2 |
---------------+-------+-----
Axes           | 4 |  4.5
Fighting       | |  3.6
Armour         | |  2.4
Dodging        | |  1.1

Action                   || total
-------------------------++-------
Melee: Hand axe          ||    71
       Punch             ||     1
Invok: Renounce Religion ||     1
Armor: Leather armour    ||    29
Dodge: Dodged            ||    38

Table legend:
 A = Non-vault XP
 B = Vault XP
 C = Vault XP percentage of total XP
 D = Non-vault monster count
 E = Vault monster count
 F = Vault count percentage of total count
                 A         B        C        D         E       F
            +---------+---------+-------+---------+---------+-------
      Total |      35 |       0 |   0.0 |      21 |       0 |   0.0
            +---------+---------+-------+---------+---------+-------
        D:1 |      35 |       0 |   0.0 |      21 |       0 |   0.0
            +---------+---------+-------+---------+---------+-------
